 Dungeon Crawl Stone Soup version 0.30.1-11-g7821555f0a (webtiles) character file.

Game seed: 15191810073964190139

19 lonewolfV2 the Shield-Bearer (level 2, -1/25 HPs)
             Began as a Formicid Fighter on Nov 15, 2023.
             Slain by a gnoll
             ... wielding a +0 flail
              (5 damage)
             ... on level 2 of the Dungeon.
             The game lasted 00:01:00 (872 turns).

lonewolfV2 the Shield-Bearer (Formicid Fighter)      Turns: 872, Time: 00:01:00

Health: -1/25      AC:  7    Str: 20    XL:     2   Next: 95%
Magic:  2/2        EV:  9    Int:  7    God:
Gold:   25         SH:  5    Dex: 13    Spells: 1/1 levels left

rFire   . . .        a - +0 war axe
rCold   . . .        c - +0 buckler
rNeg    . . .        b - +0 scale mail
rPois   .            (helmet unavailable)
rElec   .            (no cloak)
rCorr   .            (no gloves)
SInv    +            (no boots)
Will    .....        (no amulet) Stlth
                     (no ring)
HPRegen 0.24/turn    (no ring)
MPRegen 0.08/turn

%: no passive effects
@: no status effects
A: permanent stasis, dig shafts and tunnels, antennae 3, four strong arms
a: Dig, Shaft Self


You were on level 2 of the Dungeon.
You visited 1 branch of the dungeon, and saw 2 of its levels.

You collected 25 gold pieces.

Inventory:

Hand Weapons
 a - a +0 war axe (weapon)
Armour
 b - a +0 scale mail (worn)
 c - a +0 buckler (worn)
Potions
 d - a potion of might
 e - a potion of haste
 f - a potion of curing {unknown}
 g - a potion of resistance {unknown}


   Skills:
 + Level 3.8 Fighting
 - Level 2.0 Axes
 + Level 3.8 Armour
 - Level 4.0 Shields


You had one spell level left.
You didn't know any spells.
Your spell library was empty.

Dungeon Overview and Level Annotations

Branches:
Dungeon (2/15)

Altars:


Innate Abilities, Weirdness & Mutations

You cannot be hasted, slowed, berserked, paralysed or teleported.
You can dig through walls and to a lower floor.
You have a pair of large antennae on your head. (SInv)
Your four strong arms can wield two-handed weapons with a shield.


Message History

You climb downwards.
Found a leather armour.
Found a stone staircase leading down.
There is a stone staircase leading up here.
You barely miss the rat. The rat bites you but does no damage.
You closely miss the rat. The rat bites you but does no damage.
You hit the rat.
You kill the rat!
A kobold comes into view. It is wielding a +0 dagger.
The kobold shouts!
The kobold moves out of view.
A kobold is nearby!
A kobold is nearby!
A kobold is nearby!
Found a fuming dark potion.
The kobold hits you but does no damage.
You closely miss the kobold. The kobold barely misses you.
You hit the kobold.
You kill the kobold!
Things that are here:
a +0 dagger; 5 stones
g - a fuming dark potion You sense a monster nearby.
You sense a monster nearby. 3 gnolls come into view.
The gnoll shouts! x2
A gnoll comes into view. It is wielding a +0 flail.
You block the gnoll's attack. The gnoll hits you with a +0 halberd.
The gnoll hits you with a +0 flail. The gnoll closely misses you.
The gnoll barely misses you. The gnoll attacks as you move away!
The gnoll hits you with a +0 flail. You block the gnoll's attack.
The gnoll hits you but does no damage.
You barely miss the gnoll. The gnoll closely misses you.
The gnoll hits you from afar with a +0 halberd!
* * * LOW HITPOINT WARNING * * *
The gnoll closely misses you.
You hit the gnoll.
The gnoll is moderately wounded.
The gnoll hits you with a +0 flail.
You die...

# #.# #. #.# ###
#.# #.# #.. ..#
#.# #.# #.# #.#
#.#
#.#####.####.##
##.)..........#
#.####.#.###..#
#.#....###.@gg.#
..##.###.#.###gg#
#.. #.# ##.##
#..# #. #.# #.#
#g.# #. #.# #.#
#..# # #.# #.#
#..# #.####.##
#..# #<.......
....
........#######
#.##


You could see 4 gnolls.

Vanquished Creatures
  A ball python (D:1)
  2 bats (D:1)
  An endoplasm (D:1)
  A giant cockroach (D:1)
  A hobgoblin (D:1)
  2 frilled lizards (D:1)
  3 goblins (D:1)
  4 kobolds
  2 rats
17 creatures vanquished.

Notes
Turn   | Place    | Note
-------+----------+-------------------------------------------
     0 | D:1      | lonewolfV2 the Formicid Fighter began the quest for the
                  | Orb.
     0 | D:1      | Reached XP level 1. HP: 18/18 MP: 1/1
    71 | D:1      | Reached XP level 2. HP: 22/24 MP: 2/2
   409 | D:1      | Found a faded altar of an unknown god.
   872 | D:2      | Slain by a gnoll

Illustrated notes

Levels and vault maps discovered:
D:1:      spicycebolla_arrival_xxxplode, layout_basic,
          hellmonk_ecumenical_altar_leap_of_faith, wad_floor_pattern_1
D:2:      layout_loops_ring, serial_shops, nicolae_diamond_shop, uniq_natasha

Action                     || total
---------------------------++-------
  Melee: War axe           ||    41
    Use: Scroll            ||     3
 Armour: Scale mail        ||    27
  Dodge: Dodged            ||    28
  Block: Buckler           ||    11
